 Dungeon Crawl Stone Soup version 0.17-a0-562-gfd539b1 (webtiles) character file.

1069 frag the Ducker (level 8, -6/78 HPs)
             Began as a Troll Fighter on Apr 14, 2015.
             Was an Initiate of the Shining One.
             Mangled by a gnoll
             ... wielding a +0 halberd
              (10 damage)
             ... on level 5 of the Dungeon.
             The game lasted 00:35:40 (5092 turns).

frag the Ducker (Troll Fighter)                     Turns: 5092, Time: 00:35:40

Health: -6/78      AC:  5    Str: 27    XL:     8   Next: 7%
Magic:  7/7        EV: 11    Int:  4    God:    the Shining One [......]
Gold:   133        SH: 17    Dex:  9    Spells: 0 memorised, 7 levels left

rFire  . . .     SeeInvis .       - Unarmed
rCold  . . .     Clarity  .     b - +0 robe
rNeg   . . .     SustAb   .     o - +2 large shield
rPois  .         Gourm    +     (helmet restricted)
rElec  .         Spirit   .     (no cloak)
rCorr  +         Warding  .     (gloves unavailable)
rMut   .         Stasis   .     (boots unavailable)
MR     .....                    C - amulet of resist corrosion
Stlth  +.........               (no ring)
                                n - +3 ring of evasion

@: not resistant to hostile enchantments, very unstealthy
A: unfitting armour, claws 3, fast metabolism 3, gourmand, regeneration 2,
shaggy fur 1, tough skin 2
a: Renounce Religion


You were on level 5 of the Dungeon.
You worshipped the Shining One.
The Shining One was noncommittal.
You were not hungry.

You visited 1 branch of the dungeon, and saw 5 of its levels.

You collected 133 gold pieces.

Inventory:

Hand weapons
 a - a +0 war axe
 j - a +1 dagger of pain
 p - a +2 dagger of venom
 r - a +2 dagger of speed
 z - a +2 dagger of draining
 G - a +0 great sword of holy wrath
 I - a +1 hand axe of venom
Armour
 b - a +0 robe (worn)
 c - a +0 shield
 o - a +2 large shield (worn)
Jewellery
 n - a +3 ring of evasion (left claw)
 C - an amulet of resist corrosion (around neck)
 E - an uncursed amulet of resist corrosion
Magical devices
 e - a wand of slowing (27)
Scrolls
 h - 2 scrolls of immolation
 m - 5 scrolls of remove curse
 y - 2 scrolls of teleportation
 A - a scroll of fear {unknown}
 B - a scroll of fog {unknown}
 D - 2 scrolls of blinking
 H - a scroll of recharging
Potions
 f - a potion of degeneration {unknown}
 g - a potion of cancellation {unknown}
 i - 4 potions of curing {unknown}
 l - a potion of agility {unknown}
 q - 2 potions of mutation {unknown}
 s - a potion of resistance {unknown}
 v - a potion of poison {unknown}
 w - 3 potions of brilliance {unknown}
 F - a potion of ambrosia {unknown}
Comestibles
 d - 5 bread rations
 k - a beef jerky
 t - 4 meat rations
 u - 2 slices of pizza
 x - 2 fruits


   Skills:
 + Level 3.7 Fighting
 + Level 2.7 Axes
 + Level 5.4 Dodging
 + Level 0.3 Stealth
 + Level 4.7 Shields
 + Level 2.8 Unarmed Combat


You had 7 spell levels left.
You didn't know any spells.

Dungeon Overview and Level Annotations

Branches:
Dungeon (5/15)
 Temple: D:4-7

Altars:
Cheibriados
Gozag
Nemelex Xobeh
Trog
Yredelemnul
Zin
The Shining One

Shops:
D:4 *


Innate Abilities, Weirdness & Mutations

You are too large for most types of armour.
You have claws for hands.
Your metabolism is lightning-fast.
You like to eat raw meat.
You heal very quickly.
You are covered in fur (AC +1).
You have very tough skin (AC +2).


Message History

You block the gnoll's attack. You block the gnoll's attack.
The gnoll hits you from afar with a halberd!
* * * LOW HITPOINT WARNING * * *
Things that are here:
a club; a flail The gnoll misses you.
You block the gnoll's attack.
You scratch the gnoll.
The gnoll begins to bleed from its wounds!
The gnoll is moderately wounded.
You block the gnoll's attack. The gnoll hits you but does no damage.
You scratch the gnoll.
The gnoll is moderately wounded.
The gnoll hits you with a halberd!
* * * LOW HITPOINT WARNING * * *
You block the gnoll's attack.
You claw the gnoll!
You kill the gnoll!
The gnoll hits you with a halberd!
You die...

............(......# .
......
................##..
..... ...........#...##
# .. ....
..........##..# ... ...
..........#..# ..#
.............# #..#
.............### #..#
...............##g.#
..#.............@).#
.....)..........).##
...................#
................##...#
................###...#.
.................###....
..................# #.#
..................##..#
#..................#..#


You could see a gnoll.

Vanquished Creatures
  Sigmund (D:2)
  Eustachio (D:5)
  A sky beast (D:5)
  An ice beast (D:3)
  A centaur (D:5)
  An orc priest (D:4)
  2 giant frog skeletons (D:4)
  An iron imp (D:5)
  Jessica (D:4)
  A hound (D:5)
  2 orc wizards (D:4)
  2 worker ants (D:4)
  6 adders
  7 gnolls
  An ooze (D:3)
  An adder skeleton (D:4)
  A worm (D:2)
  6 giant geckos
  23 orcs
  2 ball pythons
  11 bats
  A bat skeleton (D:4)
  6 giant cockroaches
  7 hobgoblins
  15 jackals
  10 kobolds
  6 quokkas
  A giant gecko skeleton (D:4)
  2 giant newts
  6 goblins
  2 quokka skeletons
  12 rats
141 creatures vanquished.

Notes
Turn   | Place    | Note
--------------------------------------------------------------
     0 | D:1      | frag, the Troll Fighter, began the quest for the Orb.
     0 | D:1      | Reached XP level 1. HP: 22/22 MP: 0/0
   114 | D:1      | Reached XP level 2. HP: 29/29 MP: 1/1
   617 | D:2      | Reached XP level 3. HP: 36/36 MP: 2/2
   747 | D:2      | Reached skill level 3 in Dodging
  1189 | D:2      | Noticed Sigmund
  1198 | D:2      | Killed Sigmund
  1198 | D:2      | Reached XP level 4. HP: 36/45 MP: 3/3
  1198 | D:2      | Reached XP level 5. HP: 42/53 MP: 4/4
  1927 | D:2      | Reached skill level 4 in Dodging
  2399 | D:3      | Noticed an ice beast
  2417 | D:3      | Killed an ice beast
  2417 | D:3      | Reached XP level 6. HP: 26/61 MP: 5/5
  2727 | D:3      | Found a snail-covered altar of Cheibriados.
  2737 | D:3      | Found a glowing silver altar of Zin.
  2739 | D:3      | Found a bloodstained altar of Trog.
  2740 | D:3      | Found an opulent altar of Gozag.
  2742 | D:3      | Found a basalt altar of Yredelemnul.
  3148 | D:3      | Reached skill level 1 in Unarmed Combat
  3468 | D:4      | Found Reli Miyf's Assorted Antiques.
  3878 | D:4      | Reached XP level 7. HP: 59/67 MP: 6/6
  3960 | D:4      | Found a sparkling altar of Nemelex Xobeh.
  3960 | D:4      | Noticed Jessica
  3963 | D:4      | Killed Jessica
  4508 | D:5      | Entered Level 5 of the Dungeon
  4524 | D:5      | Reached skill level 5 in Dodging
  4815 | D:5      | Found a glowing golden altar of the Shining One.
  4820 | D:5      | Became a worshipper of the Shining One
  4995 | D:5      | Noticed Eustachio
  5036 | D:5      | Killed Eustachio
  5036 | D:5      | Reached XP level 8. HP: 76/78 MP: 7/7
  5091 | D:5      | HP: 3/78 [gnoll/halberd (13)]
  5092 | D:5      | Mangled by a gnoll

Action                   |  1- 3 |  4- 6 |  7- 9 || total
-------------------------+-------+-------+-------++-------
Melee: War axe           |   114 |    71 |       ||   185
       Unarmed           |       |   201 |   139 ||   340
  Use: Scroll            |     4 |     3 |     2 ||     9
       Potion            |       |       |     2 ||     2
  Eat: Chunk             |    12 |    28 |     9 ||    49
